 Dungeon Crawl Stone Soup version 0.29-a0-878-g7b45a56547 (webtiles) character file.

Game seed: 8898747751344224832

217 SkeletonJelly the Slasher (level 5, -1/34 HPs)
             Began as a Tengu Fighter on July 20, 2022.
             Slain by an ice beast (5 damage)
             ... on level 3 of the Dungeon.
             The game lasted 00:06:53 (2969 turns).

SkeletonJelly the Slasher (Tengu Fighter)           Turns: 2969, Time: 00:06:54

Health: -1/34      AC:  6    Str: 18    XL:     5   Next: 94%
Magic:  6/6        EV: 10    Int:  9    God:
Gold:   122        SH:  4    Dex: 13    Spells: 4/4 levels left

rFire   . . .      SeeInvis .   a - +0 long sword
rCold   . . .      Faith    .   c - +0 buckler
rNeg    . . .      Spirit   .   b - +0 scale mail
rPois   .          Reflect  .   (helmet restricted)
rElec   .          Harm     .   (no cloak)
rCorr   .          Rampage  .   (no gloves)
Will    .....                   (boots unavailable)
Stlth   ..........              (no amulet)
HPRegen 0.11/turn               (no ring)
MPRegen 0.10/turn               (no ring)

@: lethally poisoned (-1 -> -3), flying quickly and evasively, quick
A: beak, talons 3, nimble flight
a: no special abilities


You were on level 3 of the Dungeon.
You visited 1 branch of the dungeon, and saw 3 of its levels.

You collected 122 gold pieces.

Inventory:

Hand Weapons
 a - a +0 long sword (weapon)
Armour
 b - a +0 scale mail (worn)
 c - a +0 buckler (worn)
Jewellery
 g - a ring of willpower
 o - a ring of ice
Wands
 q - a wand of quicksilver (10)
Scrolls
 i - a scroll of brand weapon {unknown}
 k - 5 scrolls of identify {unknown}
 l - 3 scrolls of fear {unknown}
 m - 2 scrolls of teleportation {unknown}
 n - a scroll of enchant weapon {unknown}
 v - a scroll of fog {unknown}
Potions
 d - a potion of might
 e - a potion of degeneration {unknown}
 f - 3 potions of curing {unknown}
 h - a potion of flight {unknown}
 j - 2 potions of attraction {unknown}
 p - a potion of ambrosia {unknown}
 r - a potion of heal wounds {unknown}
 s - a potion of invisibility {unknown}
 t - a potion of mutation {unknown}
 u - a potion of lignification {unknown}
 w - a potion of resistance {unknown}


   Skills:
 + Level 4.3 Fighting
 * Level 5.5 Long Blades
 - Level 3.2 Armour
 - Level 3.0 Shields


You had 4 spell levels left.
You didn't know any spells.
Your spell library contained the following spells:

 Spells                   Type           Power      Damage    Failure   Level
 Iskenderun's Battlesphe  Conj           0%         2d6       100%        5
 Summon Forest            Summ/Tloc      0%         N/A       100%        5
 Summon Mana Viper        Hex/Summ       0%         N/A       100%        5
 Iron Shot                Conj/Erth      0%         9d1       100%        6
 Summon Cactus Giant      Summ           0%         N/A       100%        6
 Spellforged Servitor     Conj/Summ      0%         N/A       100%        7


Dungeon Overview and Level Annotations

Branches:
Dungeon (3/15)

Altars:
Elyvilon

Shops:
D:2 !

Annotations:
D:1 1 transporter


Innate Abilities, Weirdness & Mutations

You have a beak for a mouth.
You have claws for feet.
Your magical nature lets you fly swiftly and evasively.


Message History

A bat comes into view.
The adder barely misses you. You block the quokka's attack.
The ice beast hits you. The ice beast freezes you!
The adder bites you but does no damage. You block the quokka's attack.
You take 16 damage, and have 17/33 hp.
MASSIVE DAMAGE!!
You hit the ice beast but do no damage. Your kick misses the ice beast.
The ice beast is moderately wounded.
The adder bites you but does no damage. You block the quokka's attack.
The ice beast hits you but does no damage.
The adder barely misses you.
You closely miss the ice beast.
The ice beast is moderately wounded.
The quokka barely misses you.
The ice beast hits you but does no damage.
The adder bites you but does no damage. The quokka barely misses you.
The ice beast hits you but does no damage.
The adder attacks as you move away! The adder closely misses you.
The adder attacks as you move away! The adder closely misses you.
The adder bites you.
You take 1 damage, and have 16/33 hp.
The adder attacks as you move away! The adder misses you.
You hit the adder but do no damage. You claw the adder.
The adder is lightly wounded.
The adder barely misses you. The quokka barely misses you.
The adder misses you. The quokka attacks as you move away!
The quokka barely misses you.
You slash the quokka!
You kill the quokka!
The bat hits you but does no damage. The adder misses you.
You hit the bat.
The bat is moderately wounded.
The bat hits you but does no damage. You block the adder's attack.
You closely miss the adder. You peck the adder, but do no damage.
The adder is lightly wounded.
The adder bites you. The bat hits you but does no damage.
You take 3 damage, and have 14/34 hp.
You closely miss the adder. Your kick misses the adder.
The adder is lightly wounded.
The bat closely misses you. The bat hits you.
The adder bites you but does no damage. The adder closely misses you.
A worm comes into view.
You closely miss the adder. Your kick misses the adder.
Your peck misses the adder.
The adder is lightly wounded.
The bat barely misses you. x2; The adder bites you.
The bat misses you. The adder bites you but does no damage.
You take 2 damage, and have 12/34 hp.
The bat hits you but does no damage. The bat closely misses you.
You block the bat's attack. The adder barely misses you.
The adder attacks as you move away! The adder misses you.
The bat attacks as you move away! The bat hits you but does no damage.
The bat barely misses you. The bat closely misses you.
The bat hits you but does no damage. The bat attacks as you move away!
The bat hits you but does no damage. The bat completely misses you.
The bat closely misses you. The bat attacks as you move away!
The bat misses you. The bat hits you but does no damage.
You block the bat's attack. The bat hits you but does no damage.
You block the bat's attack. The bat closely misses you.
The bat attacks as you move away! You block the bat's attack.
The bat closely misses you. You block the bat's attack.
The bat attacks as you move away! The bat hits you but does no damage. x2
The bat completely misses you. The adder attacks as you move away!
The adder bites you but does no damage. The bat closely misses you.
The bat barely misses you. The bat attacks as you move away! The bat hits you.
The bat barely misses you.
You take 1 damage, and have 12/34 hp.
The bat hits you but does no damage.
You hit the bat but do no damage. You peck the bat.
You kill the bat!
The bat barely misses you.
You miss the bat. Your kick misses the bat. The bat closely misses you.
You slash the bat!
You kill the bat!
The adder bites you.
You take 1 damage, and have 12/34 hp.
You closely miss the adder. You claw the adder, but do no damage.
Your peck misses the adder. The adder barely misses you. The adder bites you.
* * * LOW HITPOINT WARNING * * *
You are poisoned.
The adder poisons you!
You take 3 damage, and have 9/34 hp.
You barely miss the adder. Your kick misses the adder. You peck the adder.
The adder is moderately wounded.
You feel sick. You block the adder's attack.
You take 2 damage, and have 7/34 hp.
You slash the adder!
You kill the adder!
You feel sick.
You take 1 damage, and have 6/34 hp.
You hit the ice beast but do no damage. Your kick misses the ice beast.
You peck the ice beast.
The ice beast is lightly wounded.
You feel sick. The ice beast hits you.
* * * LOW HITPOINT WARNING * * *
The ice beast freezes you.
You die...

#[.w!..#.b#..#
.##...b##Y##..#
....)###..#...#
#.w....w.##...#
###....###..#Y#
..######......#
#........#....#
########.#.#..#########
##...#..Y@.....#
##.##########.#
##########.# ##.#
#..).......# #..#
#.########## #.##
#.##### #.# ......## .
#.# .......#.. #.#
.......... #.#


You could see an ice beast.

Vanquished Creatures
  2 orc priests (D:3)
  Jessica (D:2)
  4 adders
  3 adder zombies (D:2)
  4 worms
  A dart slug (D:3)
  3 orcs (D:3)
  5 ball pythons
  A bat skeleton (D:2)
  9 endoplasms
  2 giant cockroaches
  10 goblins
  6 hobgoblins
  4 kobolds
  A quokka (D:3)
  A ball python skeleton (D:2)
  3 ball python zombies (D:2)
  5 bats
  3 frilled lizards
  2 rats
70 creatures vanquished.

Vanquished Creatures (others)
  5 plants (D:1)
  2 withered plants (D:2)
7 creatures vanquished.

Grand Total: 77 creatures vanquished

Notes
Turn   | Place    | Note
-------+----------+-------------------------------------------
     0 | D:1      | SkeletonJelly the Tengu Fighter began the quest for the
                  | Orb.
     0 | D:1      | Reached XP level 1. HP: 14/14 MP: 2/2
   312 | D:1      | You fall into a shaft and drop 1 floor!
   344 | D:1      | Reached XP level 2. HP: 19/19 MP: 3/3
   415 | D:1      | Reached skill level 3 in Long Blades
   747 | D:1      | Reached XP level 3. HP: 23/23 MP: 4/4
  1301 | D:2      | Found a faded altar of an unknown god.
  1599 | D:2      | Noticed Jessica
  1602 | D:2      | Killed Jessica
  1603 | D:2      | Reached skill level 4 in Long Blades
  1603 | D:2      | Reached XP level 4. HP: 25/29 MP: 5/5
  1747 | D:2      | Found Baduqauxt's Distillery.
  2075 | D:2      | Gained mutation: Your magical nature lets you fly swiftly
                  | and evasively. [Tengu growth]
  2075 | D:2      | Reached XP level 5. HP: 30/33 MP: 6/6
  2512 | D:3      | Found a white marble altar of Elyvilon.
  2587 | D:3      | Reached skill level 5 in Long Blades
  2930 | D:3      | Noticed an ice beast
  2969 | D:3      | Slain by an ice beast

Illustrated notes

Levels and vault maps discovered:
D:1:      spicycebolla_arrival_risky_transporter, layout_basic,
          serial_bayou_lagoon_a
D:2:      layout_loops_corners, serial_undead, serial_undead_b, serial_undead_c,
          serial_undead_f, serial_undead_e, serial_undead_c, serial_undead_e,
          serial_undead_c, serial_shops, nicolae_square_shop,
          ebering_ecumenical_altar_hall, uniq_jessica
D:3:      layout_loops_cross, mainiacjoe_overflow_catwalk,
          kennysheep_cross_bottleneck, minmay_randomly_rotated_circles,
          uniq_crazy_yiuf_cottage

Skill      XL: |  1  2  3  4  5 |
---------------+----------------+-----
Long Blades    | 3 4 5 |  5.5
Fighting       | 4 |  4.3
Armour         | |  3.2
Shields        | |  3.0

Action                   |  1- 3 |  4- 6 || total
-------------------------+-------+-------++-------
Melee: Long sword        |    71 |   103 ||   174
       Kick              |    17 |    28 ||    45
       Peck              |     7 |    16 ||    23
Armor: Scale mail        |    41 |    58 ||    99
Dodge: Dodged            |    32 |    76 ||   108
Block: Buckler           |    12 |    23 ||    35

Table legend: (Time is in decaauts)
 A = Elapsed time spent in this place.
 B = Non-inter-level travel time spent in this place.
 C = Inter-level travel time spent in this place.
 D = Time resting spent in this place.
 E = Time spent auto-exploring this place.
 F = Levels seen in this place.
 G = Mean time per level.
                   A        B        C        D        E       F      G
               +--------+--------+--------+--------+--------+-----+--------+
         Total |   2954 |   2894 |     60 |    141 |   2257 |   3 |  984.7 |
       Dungeon |   2954 |   2894 |     60 |    141 |   2257 |   3 |  984.7 |
               +--------+--------+--------+--------+--------+-----+--------+

Top non-repeatable levels by time:
     D:2: 1261 daAuts
     D:1: 1059 daAuts
     D:3: 633 daAuts
